Map: Zen LE

Players

Polt

  • Race: Terran Terran
  • League: Master
  • Spawn Location: 1:00

IlIlIlIlIlIl - Winner!

  • Race: Terran Terran
  • League: Master
  • Spawn Location: 7:00

VOD

Have the link to the VOD?

Description

Time

  • Played on: March 12, 2020, 2:43 p.m.
  • Length: 7:04
Show
View Real Time Build Order
Export as new Build Order

Polt Terran 

Build Orders:  

Get SALT Encoding   

  12  0:01  SCV  
  13  0:13  SCV  
  14  0:17  Supply Depot  
  14  0:25  SCV  
  15  0:29  Refinery  
  15  0:38  SCV  
  16  0:44  Barracks  
  16  0:51  SCV  
  16  0:55  Refinery  
  17  1:03  SCV  
  18  1:15  SCV  
  19  1:32  Orbital Command, Reaper  
  20  1:35  Factory  
  20  1:45  Supply Depot  
  20  1:58  SCV  
  21  2:04  Reaper  
  22  2:10  SCV  
  23  2:19  Hellion  
  25  2:24  Command Center  
  25  2:29  SCV  
  26  2:36  Supply Depot, Reaper  
  27  2:41  Hellion  
  29  2:47  SCV  
  30  2:51  Starport  
  30  2:59  SCV  
  31  3:06  Factory Tech Lab  
  31  3:08  Barracks Tech Lab  
  31  3:11  SCV  
  32  3:23  SCV  
  32  3:25  Cyclone  
  36  3:29  Refinery  
  36  3:35  SCV  
  36  3:37  Orbital Command  
  36  3:40  Raven  
  39  3:48  SCV  
  40  3:49  Barracks Reactor  
  40  4:00  SCV  
  41  4:04  SCV  
  42  4:10  Command Center  
  42  4:12  SCV  
  42  4:15  Siege Tank  
  42  4:16  SCV  
  47  4:24  SCV  
  47  4:28  Supply Depot, SCV  
  49  4:31  Starport Reactor  
  49  4:33  Marine, Stimpack  
  49  4:36  SCV  
  51  4:40  SCV  
  52  4:48  SCV  
  52  4:49  Barracks  
  52  4:52  SCV  
  54  4:53  Barracks  
  54  4:54  Supply Depot  
  54  4:58  Siege Tank  
  57  5:00  SCV  
  57  5:02  Marine  
  57  5:04  SCV  
  60  5:14  SCV  
  61  5:16  SCV  
  61  5:18  Starport Reactor  
  62  5:22  Orbital Command  
  62  5:26  SCV  
  62  5:28  SCV  
  62  5:29  Marine  
  62  5:35  Refinery  
  64  5:38  SCV  
  64  5:40  SCV, Siege Tank  
  64  5:41  Marine x2  
  71  5:48  Marine x2  
  71  5:49  Marine  
  74  5:52  SCV  
  74  5:53  Orbital Command, SCV  
  74  5:55  Supply Depot x2  
  76  6:01  Engineering Bay  
  76  6:02  Engineering Bay  
  76  6:03  Medivac  
  76  6:04  Medivac  
  80  6:10  Marine x5  
  83  6:18  Siege Tank  
  86  6:19  SCV  
  86  6:20  SCV  
  70  6:33  Marine x4  
  70  6:34  Marine  
  58  6:49  SCV x2  
Show
View Real Time Build Order
Export as new Build Order

IlIlIlIlIlIl Terran - Winner!

Build Orders:  

Get SALT Encoding   

  12  0:01  SCV  
  13  0:14  SCV  
  14  0:17  Supply Depot  
  14  0:26  SCV  
  15  0:30  Refinery  
  15  0:39  SCV  
  16  0:45  Barracks  
  16  0:51  SCV  
  17  0:58  Refinery  
  17  1:03  SCV  
  18  1:15  SCV  
  19  1:32  Orbital Command, Reaper  
  20  1:36  Factory  
  20  1:46  Supply Depot  
  20  1:58  SCV  
  21  2:04  Reaper  
  22  2:10  SCV  
  23  2:20  Hellion  
  23  2:22  SCV  
  26  2:29  Command Center  
  26  2:34  SCV  
  27  2:38  Barracks Reactor  
  27  2:42  Factory Tech Lab  
  27  2:46  Supply Depot, SCV  
  28  2:54  Starport  
  28  3:03  Cyclone  
  31  3:07  SCV  
  32  3:15  Marine x2  
  32  3:19  SCV  
  35  3:25  Refinery  
  35  3:30  Starport Tech Lab  
  35  3:31  SCV  
  35  3:32  Marine  
  35  3:33  Marine  
  38  3:43  Orbital Command  
  38  3:44  SCV  
  38  3:48  Raven  
  41  3:52  Marine  
  41  3:54  Marine  
  43  3:56  SCV  
  43  4:02  Siege Tank  
  47  4:08  SCV x2  
  49  4:14  Marine, Supply Depot  
  49  4:16  Marine  
  51  4:20  SCV x2  
  53  4:31  Supply Depot  
  53  4:32  SCV  
  53  4:35  Raven, SCV  
  58  4:40  Siege Tank  
  58  4:44  SCV  
  61  4:47  SCV  
  62  4:55  Command Center  
  62  4:57  SCV  
  62  4:59  Marine, SCV  
  64  5:01  Marine  
  64  5:05  Supply Depot  
  66  5:09  SCV  
  66  5:12  SCV, Siege Tank  
  69  5:21  Marine  
  69  5:26  Marine, Raven, SCV x2  
  74  5:39  Marine, SCV x2  
  74  5:42  Barracks  
  77  5:43  Barracks  
  77  5:44  Marine  
  77  5:47  Supply Depot  
  78  5:56  Engineering Bay  
  78  5:57  Engineering Bay  
  78  6:06  SCV x2, Siege Tank  
  78  6:07  Orbital Command  
  78  6:09  Refinery  
  83  6:17  Marine  
  84  6:18  SCV x2  
  76  6:31  SCV x2  
  74  6:34  Marine  
  74  6:39  SCV  
  77  6:43  SCV x2  
  82  6:51  SCV  
Tags
 
Matchup
TvT
Player
Polt
Race
Terran
Spawn Locations
Cross Positions
Add a new tag
Caveats
  • Supply blocks, unpowered buildings, or Contaminate may cause inaccurate times.
  • Supply counts are checked every 10 seconds.